[Event "Titled Tuesday Blitz June 6 Late 2023"]
[White "Olsson, William"]
[Black "Swicarz, Maciej"]
[WhiteFideId "1741721"]
[BlackFideId "1113585"]
[WhiteElo "2197"]
[BlackElo "2181"]
[Result "1-0"]
[Round "5"]
[TimeControl "180+2"]
[Date "2023.06.07"]
[WhiteClock "0:00:01"]
[BlackClock "0:00:02"]
[Board "127"]

1. c4 e5 2. g3 Nf6 3. Bg2 c6 4. Nf3 Qc7 5. O-O d5 6. cxd5 cxd5 7. Nc3 Nc6 8. d3 h6 9. Nd2 Be6 10. e4 d4 11. Nd5 Bxd5 12. exd5 Ne7 13. Nc4 Nexd5 14. Re1 Bd6 15. Qa4+ Kf8 16. b3 Kg8 17. Nxd6 Qxd6 18. Ba3 Qe6 19. Qb5 Rb8 20. Bc5 a6 21. Qa4 Kh7 22. Bxd4 Nd7 23. Bxe5 Nxe5 24. Qe4+ Ng6 25. Qxd5 Qf6 26. Be4 Rhd8 27. Qf5 Rd6 28. Rac1 Kg8 29. Rc7 b5 30. Qxf6 Rxf6 31. Bd5 Rd8 32. Be4 Ne5 33. Kg2 Nxd3 34. Bxd3 Rxd3 35. Re8+ Kh7 36. Rc2 Rd5 37. Ra8 Rdf5 38. Ra7 h5 39. f4 Rd5 40. Kf3 g6 41. Rcc7 Kg7 42. Ke4 Rd2 43. a4 bxa4 44. bxa4 Rxh2 45. Rcb7 1-0


[Site "https://www.chess.com"]

[Event "Titled Tuesday Blitz June 6 Late 2023"]
[White "Ward, Ieuan C"]
[Black "Baches Garcia, Guillermo"]
[WhiteFideId "406627"]
[BlackFideId "2209764"]
[WhiteElo "2315"]
[BlackElo "2478"]
[Result "0-1"]
[Round "5"]
[TimeControl "180+2"]
[Date "2023.06.07"]
[WhiteClock "0:00:13"]
[BlackClock "0:00:59"]
[Board "128"]

1. d4 d5 2. c4 e6 3. Nc3 h6 4. e4 dxe4 5. Nxe4 Bb4+ 6. Nc3 c5 7. Nf3 Nf6 8. Be3 Qa5 9. Qc2 Ne4 10. Rc1 cxd4 11. Bxd4 Nf6 12. a3 Be7 13. Be2 Nc6 14. Be3 O-O 15. O-O e5 16. h3 Rd8 17. Rfd1 Be6 18. b4 Qxa3 19. Ra1 Nxb4 20. Rxd8+ Rxd8 21. Rxa3 Nxc2 22. Rxa7 Nxe3 23. fxe3 Bc5 24. Rxb7 Bxe3+ 25. Kh2 e4 26. Ne1 Bd2 0-1


[Site "https://www.chess.com"]

[Event "Titled Tuesday Blitz June 6 Late 2023"]
[White "Celestino, Rafael Teixeira"]
[Black "Ismayil, Malak"]
[WhiteFideId "2108925"]
[BlackFideId "13412604"]
[WhiteElo "2308"]
[BlackElo "1868"]
[Result "0-1"]
[Round "5"]
[TimeControl "180+2"]
[Date "2023.06.07"]
[WhiteClock "0:00:28"]
[BlackClock "0:00:10"]
[Board "129"]

1. e4 e5 2. Nf3 Nc6 3. Bc4 Bc5 4. c3 Nf6 5. d3 O-O 6. O-O h6 7. Be3 Bb6 8. a4 d6 9. b4 Bxe3 10. fxe3 Be6 11. Nbd2 d5 12. exd5 Nxd5 13. Bxd5 Qxd5 14. Ne4 Rad8 15. Nc5 b6 16. Nxe6 Qxe6 17. d4 exd4 18. exd4 Rd6 19. Qd3 Rfd8 20. Rae1 Qb3 21. b5 Na5 22. Ne5 f6 23. Ng6 Qc4 24. Qe3 Qf7 25. Ne7+ Kh8 26. Nf5 R6d7 27. Qe6 Qxe6 28. Rxe6 Nc4 29. Rf2 Nd6 30. Ne7 Kh7 31. Nc6 Ra8 32. Rfe2 a6 33. Re7 Rxe7 34. Rxe7 axb5 35. axb5 Nxb5 36. h4 Ra1+ 37. Kh2 Rc1 38. Nd8 Rxc3 39. h5 Nxd4 40. Re8 Rc5 41. g4 Re5 42. Rf8 Ne6 43. Re8 Nxd8 44. Rxd8 Re3 45. Rc8 Rc3 46. Kg2 b5 47. Kf2 b4 48. Ke2 c5 49. Kd2 Rc4 50. Kd3 Rd4+ 51. Ke3 Rxg4 52. Rxc5 Rg5 53. Rc4 b3 54. Rb4 Rxh5 55. Kf4 Rh4+ 0-1


[Site "https://www.chess.com"]

[Event "Titled Tuesday Blitz June 6 Late 2023"]
[White "Holtel, Jasper"]
[Black "Shapiro, Viktor"]
[WhiteFideId "12956376"]
[BlackFideId "4175700"]
[WhiteElo "2412"]
[BlackElo "2212"]
[Result "0-1"]
[Round "5"]
[TimeControl "180+2"]
[Date "2023.06.07"]
[WhiteClock "0:00:22"]
[BlackClock "0:01:05"]
[Board "131"]

1. e4 c5 2. Be2 g6 3. f4 Bg7 4. Nf3 Nc6 5. O-O e6 6. d3 d5 7. c3 Nge7 8. Be3 b6 9. e5 Nf5 10. Bf2 h5 11. Na3 O-O 12. d4 cxd4 13. cxd4 Bd7 14. Nc2 Rc8 15. Ne3 Nce7 16. Nxf5 Nxf5 17. Qd2 Qc7 18. Rac1 Qb7 19. h3 a5 20. Nh4 Nxh4 21. Bxh4 Rxc1 22. Rxc1 Rc8 23. Be7 Rxc1+ 24. Qxc1 Bb5 25. Bxb5 Qxe7 26. a3 Qh4 27. Kh2 Qf2 28. Be8 Bh6 29. Qg1 Bxf4+ 30. Kh1 Qg3 31. b4 axb4 32. axb4 g5 33. b5 g4 34. Bc6 Kf8 0-1


[Site "https://www.chess.com"]

[Event "Titled Tuesday Blitz June 6 Late 2023"]
[White "Sarkar, Justin"]
[Black "Della Morte, German"]
[WhiteFideId "2010011"]
[BlackFideId "113522"]
[WhiteElo "2151"]
[BlackElo "2306"]
[Result "0-1"]
[Round "5"]
[TimeControl "180+2"]
[Date "2023.06.07"]
[WhiteClock "0:00:01"]
[BlackClock "0:02:22"]
[Board "132"]

1. e4 c6 2. Nc3 d5 3. Qe2 dxe4 4. Nxe4 Nf6 5. Nxf6+ gxf6 6. Nf3 Bg4 7. h3 Bh5 8. g4 Bg6 9. d4 Nd7 10. Nh4 e6 11. Bg2 f5 12. Nxg6 hxg6 13. c3 fxg4 14. hxg4 Rxh1+ 15. Bxh1 Qh4 16. Bf3 Bh6 17. Bxh6 Qxh6 18. Qe3 Qxe3+ 19. fxe3 Ke7 20. Kf2 Rh8 21. Kg3 Kf6 22. a4 Kg5 23. a5 a6 24. Ra3 Rc8 25. Rb3 Rc7 26. Rb4 f5 27. gxf5 gxf5 28. e4 f4+ 29. Kf2 Nf6 30. e5 Ng4+ 31. Ke2 Rh7 32. c4 Rh2+ 33. Kd3 Rh3 34. Ke2 Rh2+ 35. Kd3 Nf2+ 36. Ke2 Ne4+ 37. Ke1 Nd2 38. Be2 f3 39. Kxd2 Rxe2+ 40. Kd1 Re4 41. d5 f2 0-1


[Site "https://www.chess.com"]

[Event "Titled Tuesday Blitz June 6 Late 2023"]
[White "Ansh M Shah"]
[Black "Della Corte, Alessandro"]
[WhiteFideId "25033379"]
[BlackFideId "813540"]
[WhiteElo "2084"]
[BlackElo "2205"]
[Result "0-1"]
[Round "5"]
[TimeControl "180+2"]
[Date "2023.06.07"]
[WhiteClock "0:00:03"]
[BlackClock "0:00:20"]
[Board "133"]

1. d4 d5 2. c4 e6 3. g3 Nf6 4. Bg2 Be7 5. Nf3 O-O 6. O-O Nbd7 7. Qc2 c6 8. Nbd2 b6 9. e4 Bb7 10. e5 Ne8 11. cxd5 cxd5 12. Re1 Rc8 13. Qb3 Ba6 14. Bf1 Bxf1 15. Kxf1 Nb8 16. Kg2 Nc6 17. Qa4 Na5 18. Nb3 Rc4 19. Qb5 Rb4 20. Qd3 Nxb3 21. axb3 Qd7 22. Bd2 Rb5 23. Ra6 Bb4 24. Rea1 Bxd2 25. Nxd2 f6 26. Rxa7 Qc6 27. exf6 Nxf6 28. Nf3 Ne4 29. Re7 Ra5 30. Rxa5 bxa5 31. Ra7 Qb6 32. Qa6 Qxb3 33. Qxe6+ Kh8 34. Rf7 Rd8 35. Qe5 Rg8 36. Re7 Qxb2 37. Re8 Qxf2+ 38. Kh3 Nf6 39. Rxg8+ Nxg8 40. Ng5 h6 41. Ne6 Qf6 42. Qxd5 Ne7 43. Qd8+ Kh7 44. Nf4 Qf5+ 45. Kg2 Qc2+ 46. Kh3 Qf5+ 47. Kg2 Qe4+ 48. Kh3 Nf5 49. Qxa5 Ne3 50. Qe5 Qf3 51. Ne6 Qg4# 0-1


[Site "https://www.chess.com"]

[Event "Titled Tuesday Blitz June 6 Late 2023"]
[White "Omariev, Maksim"]
[Black "Eggleston, Thomas A"]
[WhiteFideId "4193423"]
[BlackFideId "412139"]
[WhiteElo "2413"]
[BlackElo "2155"]
[Result "1-0"]
[Round "5"]
[TimeControl "180+2"]
[Date "2023.06.07"]
[WhiteClock "0:00:02"]
[BlackClock "0:01:32"]
[Board "134"]

1. g4 c5 2. Bg2 Nc6 3. c4 b6 4. Nc3 Bb7 5. d3 e6 6. h4 Nge7 7. e4 Nd4 8. Nge2 f5 9. gxf5 exf5 10. Bg5 Ne6 11. Nb5 d6 12. Nf4 Nxg5 13. hxg5 Qd7 14. e5 Nc6 15. e6 Qd8 16. Qh5+ Ke7 17. Qf7# 1-0


[Site "https://www.chess.com"]

[Event "Titled Tuesday Blitz June 6 Late 2023"]
[White "zsizsi99"]
[Black "Narva, Triin"]
[BlackFideId "4502680"]
[WhiteElo "2413"]
[BlackElo "1976"]
[Result "1-0"]
[Round "5"]
[TimeControl "180+2"]
[Date "2023.06.07"]
[WhiteClock "0:00:56"]
[BlackClock "0:00:02"]
[Board "135"]

1. e4 d5 2. exd5 Qxd5 3. Nc3 Qd6 4. d4 Nf6 5. Bc4 a6 6. Nf3 Bg4 7. Be3 Nc6 8. Qe2 e6 9. O-O-O O-O-O 10. h3 Bh5 11. g4 Bg6 12. h4 Nb4 13. Bb3 h5 14. g5 Nfd5 15. Ne5 Nxc3 16. bxc3 Nd5 17. Qd2 Qa3+ 18. Kb1 Nxe3 19. Qxe3 Bf5 20. Nxf7 Rd6 21. Nxd6+ Bxd6 22. Bxe6+ Bxe6 23. Qxe6+ Kb8 24. Qb3 Qa5 25. c4 Rf8 26. c5 Bf4 27. Rhe1 Rd8 28. Re4 Bh2 29. f4 Rf8 30. Rf1 Ka7 31. f5 g6 32. f6 Bg3 33. f7 1-0


[Site "https://www.chess.com"]

[Event "Titled Tuesday Blitz June 6 Late 2023"]
[White "Abduzhaparov"]
[Black "Vila Dupla, Aurelio"]
[BlackFideId "2203383"]
[WhiteElo "2403"]
[BlackElo "2009"]
[Result "1-0"]
[Round "5"]
[TimeControl "180+2"]
[Date "2023.06.07"]
[WhiteClock "0:00:24"]
[BlackClock "0:00:01"]
[Board "137"]

1. Nf3 Nf6 2. c4 g6 3. Nc3 d5 4. Qa4+ Nc6 5. Nd4 Bd7 6. cxd5 Nxd4 7. Qxd4 Bg7 8. e4 O-O 9. e5 Ng4 10. f4 e6 11. h3 Nh6 12. g4 exd5 13. Nxd5 Bc6 14. Bg2 Bxd5 15. Qxd5 Qh4+ 16. Kf1 c6 17. Qb3 Rad8 18. d4 Rxd4 19. Be3 Rd7 20. Bf2 Qe7 21. Re1 Rfd8 22. e6 fxe6 23. Rxe6 Qf7 24. Re1 Qxb3 25. axb3 Bxb2 26. Bxa7 Bc3 27. Rb1 Rd2 28. Be3 Ra2 29. f5 Nf7 30. fxg6 hxg6 31. Be4 Re8 32. Rc1 Bb4 33. Rc4 Ra1+ 34. Ke2 Rxh1 35. Bxh1 c5 36. Re4 Rxe4 37. Bxe4 Kg7 38. Bxb7 Nd6 39. Bd5 Kf6 40. h4 Nf7 41. h5 gxh5 42. gxh5 Kg7 43. Bxf7 Kxf7 44. Kd3 Kg7 45. Kc4 Ba3 46. Bxc5 Bc1 47. Kd3 1-0


[Site "https://www.chess.com"]

[Event "Titled Tuesday Blitz June 6 Late 2023"]
[White "Ozalp, Burak"]
[Black "KSho99"]
[WhiteFideId "6314210"]
[WhiteElo "2106"]
[BlackElo "2198"]
[Result "1-0"]
[Round "5"]
[TimeControl "180+2"]
[Date "2023.06.07"]
[WhiteClock "0:00:13"]
[BlackClock "0:00:02"]
[Board "138"]

1. e4 b6 2. d4 Bb7 3. Bd3 e6 4. Nf3 d6 5. O-O Nd7 6. a4 a6 7. a5 b5 8. Re1 Ne7 9. Nbd2 g6 10. c4 bxc4 11. Bxc4 Bg7 12. Ng5 d5 13. exd5 Bxd5 14. Bxd5 Nxd5 15. Nxe6 fxe6 16. Rxe6+ Kf7 17. Re1 Re8 18. Nf3 Rxe1+ 19. Qxe1 Qe7 20. Qd1 Re8 21. Bg5 Qb4 22. h3 h6 23. Bd2 Qd6 24. Qb3 Kg8 25. Rc1 Kh7 26. Qc4 Rb8 27. b3 Re8 28. Qc6 Qxc6 29. Rxc6 Re7 30. Rxa6 Re2 31. Ra7 Bxd4 32. Nxd4 Rxd2 33. Ne6 Rd1+ 34. Kh2 Rb1 35. Nxc7 Nxc7 36. Rxc7 Rd1 37. b4 Kg8 38. b5 Rb1 39. Rxd7 1-0


[Site "https://www.chess.com"]

[Event "Titled Tuesday Blitz June 6 Late 2023"]
[White "The_Straightforward_Rook"]
[Black "Winkels, Marcel"]
[BlackFideId "1003887"]
[WhiteElo "2385"]
[BlackElo "1900"]
[Result "0-1"]
[Round "5"]
[TimeControl "180+2"]
[Date "2023.06.07"]
[WhiteClock "0:00:13"]
[BlackClock "0:00:10"]
[Board "139"]

1. e4 c5 2. Nf3 d6 3. c3 Bg4 4. d4 Bxf3 5. Qxf3 cxd4 6. cxd4 Nc6 7. d5 Ne5 8. Bb5+ Nd7 9. Nc3 Nf6 10. O-O a6 11. Be2 g6 12. Qg3 Bg7 13. f4 O-O 14. Be3 Rc8 15. Rac1 b5 16. e5 Ne8 17. e6 fxe6 18. dxe6 Nb6 19. h4 Nc4 20. Bxc4 Rxc4 21. h5 gxh5 22. Rc2 b4 23. Nd5 Rxc2 24. Bb6 Qa8 25. Nxe7+ Kh8 26. f5 Qb7 27. Bd8 Nf6 28. Ng6+ hxg6 29. e7 Rg8 30. fxg6 Bh6 31. Rf3 Qe4 32. Kh2 Ng4+ 33. Kh3 Rc1 34. g7+ Kh7 35. Qxd6 Rh1+ 36. Kg3 h4# 0-1


[Site "https://www.chess.com"]

[Event "Titled Tuesday Blitz June 6 Late 2023"]
[White "zano2023"]
[Black "Chabris, Christopher"]
[BlackFideId "2005263"]
[WhiteElo "2139"]
[BlackElo "2384"]
[Result "0-1"]
[Round "5"]
[TimeControl "180+2"]
[Date "2023.06.07"]
[WhiteClock "0:00:30"]
[BlackClock "0:00:06"]
[Board "140"]

1. d4 Nf6 2. Nd2 d5 3. Ngf3 c6 4. e3 e6 5. c4 Nbd7 6. Bd3 Be7 7. Qb3 O-O 8. O-O c5 9. Re1 a6 10. a4 b6 11. Qc2 Bb7 12. Ne5 Rc8 13. Nxd7 Qxd7 14. Qb3 dxc4 15. Nxc4 Qd5 16. e4 Qh5 17. Nxb6 Rb8 18. a5 cxd4 19. Bf4 e5 20. Bg3 Bc5 21. Rac1 Bxb6 22. axb6 Qg5 23. Rc5 Rfe8 24. Rc7 Rf8 25. h3 h5 26. Rc5 Rbe8 27. Rec1 Rc8 28. Rxc8 Bxc8 29. Rc5 Qd2 30. b7 Bxb7 31. Qxb7 Qxd3 32. Rxe5 Qd1+ 33. Kh2 d3 34. Rg5 d2 35. Be5 Ne8 36. Bf4 Qe2 37. Bxd2 Qxd2 38. Rxh5 Qf4+ 39. Kg1 Nf6 40. Rf5 Qxe4 41. Qxe4 Nxe4 42. Ra5 Ra8 43. b4 Nd6 44. Kf1 Nb5 45. Ke2 Kf8 46. f4 Ke7 47. Kd3 Kd6 48. Kc4 Kc6 49. Ra1 Kb6 50. Re1 Rd8 51. Re7 Rd4+ 52. Kb3 Rxf4 53. g4 Rf3+ 54. Kc4 Rf4+ 55. Kb3 Rf3+ 56. Kc4 Kc6 57. g5 Nd6+ 58. Kd4 Nf5+ 0-1


[Site "https://www.chess.com"]

[Event "Titled Tuesday Blitz June 6 Late 2023"]
[White "Cluke86"]
[Black "Rama, Tejas"]
[BlackFideId "30907381"]
[WhiteElo "2137"]
[BlackElo "2089"]
[Result "1-0"]
[Round "5"]
[TimeControl "180+2"]
[Date "2023.06.07"]
[WhiteClock "0:01:09"]
[BlackClock "0:00:52"]
[Board "141"]

1. e4 c5 2. Nc3 Nc6 3. f4 g6 4. Nf3 Bg7 5. a4 b6 6. Bc4 Bb7 7. d3 Nh6 8. O-O O-O 9. f5 Ng4 10. Ng5 Bd4+ 11. Kh1 Nf2+ 12. Rxf2 Bxf2 13. Qf3 Bh4 14. fxg6 Bxg5 15. gxf7+ Kh8 16. Bxg5 Ne5 17. Qf5 Nxc4 18. dxc4 Qc7 19. Bf6+ 1-0


[Site "https://www.chess.com"]

[Event "Titled Tuesday Blitz June 6 Late 2023"]
[White "Tsukerman, Julia"]
[Black "sebastianmarinp"]
[WhiteFideId "2621649"]
[WhiteElo "1667"]
[BlackElo "2367"]
[Result "0-1"]
[Round "5"]
[TimeControl "180+2"]
[Date "2023.06.07"]
[WhiteClock "0:00:09"]
[BlackClock "0:00:37"]
[Board "142"]

1. e4 e5 2. Nf3 Nc6 3. Bb5 a6 4. Ba4 Nf6 5. d3 b5 6. Bb3 Be7 7. c3 O-O 8. O-O d5 9. exd5 Nxd5 10. Re1 Bg4 11. Bc2 Qd6 12. Nbd2 f5 13. Nf1 Rad8 14. Ng3 Kh8 15. h3 Bxf3 16. Qxf3 g6 17. Bh6 Rfe8 18. Rad1 Bf6 19. Bb3 Nb6 20. Re2 Nd7 21. Bc2 Nc5 22. Red2 Ne6 23. Ne2 Ne7 24. Bb3 c5 25. Rc2 f4 26. g3 Nf5 27. Bxe6 Rxe6 28. gxf4 Nxh6 29. fxe5 Bxe5 30. Ng3 Bxg3 31. fxg3 Nf5 32. Rg2 Ne3 0-1


[Site "https://www.chess.com"]

[Event "Titled Tuesday Blitz June 6 Late 2023"]
[White "Prydun, Andriy"]
[Black "dorpato"]
[WhiteFideId "14145898"]
[WhiteElo "2164"]
[BlackElo "2071"]
[Result "1-0"]
[Round "5"]
[TimeControl "180+2"]
[Date "2023.06.07"]
[WhiteClock "0:01:29"]
[BlackClock "0:00:20"]
[Board "144"]

1. e4 c5 2. Nf3 d6 3. d4 cxd4 4. Nxd4 Nf6 5. Nc3 a6 6. a4 e5 7. Nb3 Be7 8. Bg5 Be6 9. Nd2 Nbd7 10. Nc4 Qc7 11. Ne3 O-O 12. Bd3 Nc5 13. O-O Nxd3 14. Qxd3 Rfd8 15. Bxf6 Bxf6 16. Ncd5 Bxd5 17. Nxd5 Qc5 18. Ra3 Bg5 19. b4 Qc6 20. h4 Bxh4 21. Qh3 Bg5 22. Rg3 Qc8 23. Qh5 g6 24. Qxg5 Qe6 25. Nc7 Qc4 26. Nxa8 Rxa8 27. c3 a5 28. Rf3 axb4 29. cxb4 Rxa4 30. Rc1 Qxe4 31. Rc8+ Kg7 32. Qf6+ Kh6 33. Rh3+ 1-0


[Site "https://www.chess.com"]

[Event "Titled Tuesday Blitz June 6 Late 2023"]
[White "Mazurkiewicz, Michal"]
[Black "Vargas, Mauricio"]
[WhiteFideId "1124943"]
[BlackFideId "4404572"]
[WhiteElo "2063"]
[BlackElo "1986"]
[Result "1-0"]
[Round "5"]
[TimeControl "180+2"]
[Date "2023.06.07"]
[WhiteClock "0:01:16"]
[BlackClock "0:00:03"]
[Board "145"]

1. e4 d6 2. d4 c5 3. dxc5 Qa5+ 4. Nc3 Qxc5 5. Nf3 Nc6 6. Be3 Qa5 7. Be2 g6 8. O-O Bg7 9. Nd5 Bxb2 10. Rb1 Bg7 11. Nd4 Nf6 12. Nb5 O-O 13. Ndc7 Rb8 14. Bd2 Qxa2 15. Ra1 Qxa1 16. Qxa1 Nxe4 17. Qc1 a6 18. Na3 Nxd2 19. Qxd2 Rd8 20. Nd5 e6 21. Nb6 d5 22. c3 Ne5 23. Nc2 Bd7 24. Nxd7 Nxd7 25. c4 Rdc8 26. cxd5 exd5 27. Nd4 Ne5 28. Nf3 Rd8 29. Nxe5 Bxe5 30. Bf3 d4 31. Rb1 Bg7 32. Rxb7 Rxb7 33. Bxb7 Rb8 34. Be4 1-0


[Site "https://www.chess.com"]

[Event "Titled Tuesday Blitz June 6 Late 2023"]
[White "Rangel, Daniel"]
[Black "Brown, Raehanna"]
[WhiteFideId "2124475"]
[BlackFideId "7402740"]
[WhiteElo "2231"]
[BlackElo "1655"]
[Result "1-0"]
[Round "5"]
[TimeControl "180+2"]
[Date "2023.06.07"]
[WhiteClock "0:01:50"]
[BlackClock "0:00:16"]
[Board "147"]

1. d4 Nf6 2. c4 g6 3. Nc3 Bg7 4. e4 d6 5. Nf3 O-O 6. Be2 Nbd7 7. O-O c5 8. d5 a6 9. h3 b5 10. cxb5 axb5 11. Bxb5 Qa5 12. Nd2 Ne8 13. Nc4 Qa7 14. Bc6 Rb8 15. Nb5 Qa6 16. a4 e6 17. Ncxd6 Nxd6 18. Nxd6 exd5 19. exd5 Ne5 20. Nxc8 Rfxc8 21. Bf4 Rxb2 22. Bb5 Qb6 23. d6 Rd8 24. d7 c4 25. Qd5 Nd3 26. Be3 Qc7 27. Bg5 Qa7 28. Bxd8 Rxf2 29. Bb6 Qxb6 30. d8=Q+ Qxd8 31. Qxd8+ 1-0


[Site "https://www.chess.com"]

[Event "Titled Tuesday Blitz June 6 Late 2023"]
[White "Pavlidou, Ekaterini"]
[Black "campochess"]
[WhiteFideId "4213262"]
[WhiteElo "2126"]
[BlackElo "2154"]
[Result "1-0"]
[Round "5"]
[TimeControl "180+2"]
[Date "2023.06.07"]
[WhiteClock "0:00:27"]
[BlackClock "0:00:47"]
[Board "148"]

1. d4 Nf6 2. c4 c5 3. d5 b5 4. cxb5 a6 5. bxa6 g6 6. Nc3 Bxa6 7. e4 Bxf1 8. Kxf1 d6 9. g3 Bg7 10. Kg2 Nbd7 11. h4 h6 12. Nge2 Ng4 13. h5 g5 14. f3 Nge5 15. b3 Nf6 16. Bb2 O-O 17. f4 Neg4 18. Qd3 c4 19. bxc4 Qb6 20. Nd1 Nh7 21. Bxg7 Kxg7 22. Qd4+ Qxd4 23. Nxd4 Ra3 24. fxg5 Nxg5 25. Nf5+ Kh7 26. Re1 Ne5 27. Nb2 Rfa8 28. c5 Rxa2 29. Rxa2 Rxa2 30. c6 Rxb2+ 31. Kf1 Ngf3 32. Re2 Rb1+ 33. Kf2 Nh2 34. Rc2 Nhg4+ 35. Ke2 Rb8 36. c7 Rc8 37. Nxe7 Rxc7 38. Rxc7 Kg7 39. Nc6 Nc4 40. Nd8 Nge5 41. Nxf7 Nxf7 42. Rxc4 Kf6 43. Rc7 Ne5 44. Rc6 Nf7 45. Kf3 Kg5 46. Rc7 Ne5+ 47. Ke3 Kxh5 48. Kf4 Nd3+ 49. Kf5 Nf2 50. Rd7 Nh1 51. g4+ Kh4 52. Rxd6 Ng3+ 53. Kf4 Ne2+ 54. Ke3 Ng3 55. Rxh6+ Kxg4 56. Rg6+ Kh4 57. Rxg3 1-0


[Site "https://www.chess.com"]

[Event "Titled Tuesday Blitz June 6 Late 2023"]
[White "Miller, Ike S"]
[Black "mohsengabr2002"]
[WhiteFideId "2022532"]
[WhiteElo "2131"]
[BlackElo "2251"]
[Result "0-1"]
[Round "5"]
[TimeControl "180+2"]
[Date "2023.06.07"]
[WhiteClock "0:00:45"]
[BlackClock "0:00:54"]
[Board "149"]

1. d4 d5 2. c4 e6 3. Nc3 Nf6 4. cxd5 exd5 5. Bg5 c6 6. e3 Be7 7. Bd3 O-O 8. Qc2 h6 9. Bf4 Nh5 10. Be5 Nd7 11. Nf3 Nxe5 12. dxe5 g6 13. h3 Ng7 14. g4 b5 15. O-O-O b4 16. Ne2 a5 17. Kb1 Bd7 18. Nf4 a4 19. Bxg6 fxg6 20. Qxg6 Qe8 21. Qxh6 Qf7 22. Nd4 Be8 23. g5 Nf5 24. Qxc6 Bxc6 25. Nxc6 Ra6 26. g6 Qe8 0-1


[Site "https://www.chess.com"]

[Event "Titled Tuesday Blitz June 6 Late 2023"]
[White "Palencia Morales, Wilson Guillermo"]
[Black "Lopez Perdomo, Juan David"]
[WhiteFideId "4401859"]
[BlackFideId "4405137"]
[WhiteElo "2144"]
[BlackElo "1965"]
[Result "1-0"]
[Round "5"]
[TimeControl "180+2"]
[Date "2023.06.07"]
[WhiteClock "0:01:10"]
[BlackClock "0:00:05"]
[Board "150"]

1. d4 c5 2. d5 e6 3. c4 exd5 4. cxd5 d6 5. Nf3 Nf6 6. g3 g6 7. Bg2 Bg7 8. O-O O-O 9. Nc3 Na6 10. h3 Nc7 11. a4 b6 12. Re1 a6 13. e4 Re8 14. e5 dxe5 15. d6 Ne6 16. Nxe5 Ra7 17. Nc6 Qd7 18. Nxa7 Qxa7 19. Be3 Bb7 20. Nd5 Nxd5 21. Bxd5 Bxd5 22. Qxd5 Qd7 23. a5 b5 24. Bxc5 Rc8 25. Be3 Bxb2 26. Rab1 Ba3 27. Red1 Rc4 28. Qa8+ Rc8 29. Qxa6 b4 30. Qd3 Rc3 31. Qd5 Nf8 32. a6 Qxh3 33. Qg2 Qd7 34. a7 1-0


[Site "https://www.chess.com"]

[Event "Titled Tuesday Blitz June 6 Late 2023"]
[White "SergioMoralesG"]
[Black "Osmonbekov, Talaibek"]
[BlackFideId "2017253"]
[WhiteElo "2468"]
[BlackElo "2135"]
[Result "1-0"]
[Round "5"]
[TimeControl "180+2"]
[Date "2023.06.07"]
[WhiteClock "0:01:35"]
[BlackClock "0:01:07"]
[Board "151"]

1. e4 c5 2. Nf3 d6 3. Bb5+ Bd7 4. Bxd7+ Qxd7 5. c4 Nc6 6. d4 cxd4 7. Nxd4 Nf6 8. Nc3 e6 9. O-O Be7 10. Be3 O-O 11. h3 Rfd8 12. Qe2 d5 13. cxd5 exd5 14. Nxc6 bxc6 15. e5 Ne8 16. Rad1 Qb7 17. f4 c5 18. Qf3 Nc7 19. f5 Bf8 20. e6 f6 21. Rf2 Rab8 22. Bf4 Be7 23. Bxc7 Qxc7 24. Nxd5 Qb7 25. Rfd2 Re8 26. b3 a5 27. Nxe7+ Rxe7 28. Rd8+ 1-0


[Site "https://www.chess.com"]

[Event "Titled Tuesday Blitz June 6 Late 2023"]
[White "el_sporco"]
[Black "Djordjevic, Dejan N"]
[BlackFideId "913316"]
[WhiteElo "2436"]
[BlackElo "2261"]
[Result "0-1"]
[Round "5"]
[TimeControl "180+2"]
[Date "2023.06.07"]
[WhiteClock "0:00:04"]
[BlackClock "0:00:06"]
[Board "152"]

1. e4 c5 2. Nf3 Nc6 3. Bb5 g6 4. Bxc6 dxc6 5. O-O Bg7 6. d3 e5 7. Be3 b6 8. a3 a5 9. Qd2 Rb8 10. h3 Qc7 11. b4 axb4 12. axb4 cxb4 13. Qxb4 Ne7 14. Nbd2 O-O 15. Rfb1 c5 16. Qb2 Nc6 17. Nc4 b5 18. Na3 b4 19. Nc4 Nd4 20. Bxd4 exd4 21. Ra5 Be6 22. Rba1 Rfc8 23. Ra7 Qf4 24. Ncd2 h6 25. Qc1 g5 26. Nb3 Qf6 27. R1a5 c4 28. dxc4 Rxc4 29. Qd1 g4 30. hxg4 Bxg4 31. Ra8 Rxa8 32. Rxa8+ Kh7 33. e5 Qg6 34. Kf1 Bxe5 35. Qd3 Bxf3 36. gxf3 Rxc2 0-1


[Site "https://www.chess.com"]

[Event "Titled Tuesday Blitz June 6 Late 2023"]
[White "Wizard_of_Odds"]
[Black "Araujo Filho, Luiz Antonio Coel"]
[BlackFideId "2130661"]
[WhiteElo "2410"]
[BlackElo "2056"]
[Result "0-1"]
[Round "5"]
[TimeControl "180+2"]
[Date "2023.06.07"]
[WhiteClock "0:00:03"]
[BlackClock "0:00:07"]
[Board "153"]

1. d4 f5 2. Nf3 Nf6 3. c4 g6 4. b3 Bg7 5. Bb2 O-O 6. Nbd2 d6 7. e3 Nc6 8. Bd3 Qe8 9. e4 e5 10. dxe5 dxe5 11. Qe2 f4 12. h3 a5 13. c5 Nd7 14. Bc4+ Kh8 15. Ba3 Qe7 16. Rc1 Nxc5 17. O-O b6 18. Bd5 Bb7 19. Bxc5 bxc5 20. a4 Ra7 21. Bxc6 Bxc6 22. Nc4 Raa8 23. Rfd1 Rfb8 24. Rd3 h6 25. Nfd2 g5 26. Qg4 Be8 27. Qf5 Rd8 28. Rxd8 Qxd8 29. Nf3 Qd3 30. Nfxe5 Qxb3 31. h4 Qxa4 32. hxg5 hxg5 33. Qxg5 Qa2 34. Qxf4 Qe2 35. f3 a4 36. Ra1 a3 37. Qc1 a2 38. Kh2 Qf2 39. f4 Qh4+ 40. Kg1 Bh6 41. Nd3 Qg3 42. Qd2 Bg6 43. Nce5 Bxe4 44. Rxa2 Rxa2 45. Qxa2 Bxd3 46. Nxd3 Qxd3 47. Qa8+ Kh7 48. Qc6 Qd4+ 49. Kh1 Bxf4 50. Qd7+ Qxd7 51. g3 Qd1+ 52. Kg2 Qe2+ 53. Kh1 Qf1+ 54. Kh2 Qf2+ 55. Kh1 c4 56. gxf4 c3 57. f5 c2 58. f6 c1=Q# 0-1


[Site "https://www.chess.com"]

[Event "Titled Tuesday Blitz June 6 Late 2023"]
[White "Tarnowska, Aleksandra"]
[Black "Kujawski, Adam"]
[WhiteFideId "1180967"]
[BlackFideId "1100920"]
[WhiteElo "1776"]
[BlackElo "2054"]
[Result "0-1"]
[Round "5"]
[TimeControl "180+2"]
[Date "2023.06.07"]
[WhiteClock "0:00:02"]
[BlackClock "0:00:06"]
[Board "154"]

1. e4 e5 2. Nf3 Nc6 3. Bb5 a6 4. Ba4 Nf6 5. O-O Be7 6. Re1 b5 7. Bb3 d6 8. h3 O-O 9. c3 Nb8 10. d4 Nbd7 11. Nbd2 Bb7 12. Bc2 Re8 13. Nf1 Bf8 14. Ng3 g6 15. Bg5 c5 16. d5 c4 17. Qd2 Be7 18. Nh2 Nxd5 19. Bxe7 Nxe7 20. Qxd6 Nc8 21. Qd2 Qe7 22. Ng4 Nf6 23. Nh6+ Kh8 24. Qg5 Ng8 25. Qe3 Nxh6 26. Qxh6 Nd6 27. Rad1 Rad8 28. Rd2 f6 29. Red1 Nf7 30. Qh4 Rxd2 31. Rxd2 Rd8 32. Nf1 Kg7 33. Kh2 Rxd2 34. Nxd2 Qd6 35. Nf3 Bc8 36. Qg3 Bb7 37. Nh4 Kf8 38. Qe3 Ng5 39. Nf3 Nxf3+ 40. Qxf3 Kg7 41. h4 Qd2 42. Bd1 Qf4+ 43. Qxf4 exf4 44. f3 Kf7 45. Kh3 Bc8+ 46. Kh2 Ke6 47. Kg1 Ke5 48. Kf2 h6 49. Ke2 g5 50. hxg5 fxg5 51. b3 cxb3 52. Bxb3 a5 53. Bf7 Bd7 54. Kd3 Bc6 55. Bg6 Bd7 56. a3 Be6 57. Be8 Bc4+ 58. Kd2 Bf1 59. Ke1 Bxg2 60. Bxb5 Bxf3 0-1


[Site "https://www.chess.com"]